 Dungeon Crawl Stone Soup version 0.30-a0-793-g160f7cfddd (webtiles) character file.

Game seed: 14803417271616969414

5880 demibob the Carver (level 10, -4/93 HPs)
             Began as a Minotaur Fighter on Feb 19, 2023.
             Was an Initiate of Gozag.
             Slain by a very large slime creature (15 damage)
             ... on level 9 of the Dungeon.
             The game lasted 00:09:58 (6143 turns).

demibob the Carver (Minotaur Fighter)               Turns: 6143, Time: 00:09:58

Health: -4/93      AC: 14    Str: 22    XL:     10   Next: 52%
Magic:  9/9        EV: 10    Int:  7    God:    Gozag
Gold:   569        SH:  0    Dex: 13    Spells: 9/9 levels left

rFire   + . .      SeeInvis .    a - +0 demon blade "Xazeifab" {vamp, rF+ Dex+2}
rCold   . . .      Faith    .    (no shield)
rNeg    . . .      Spirit   .    t - +1 scale mail of Ushroost {rElec}
rPois   +          Reflect  .    (helmet restricted)
rElec   +          Harm     .    u - +2 cloak {rPois}
rCorr   .          Rampage  .    (no gloves)
Will    .....                    l - +0 pair of boots Stlth
                                 g - amulet of regeneration
HPRegen 1.15/turn                (no ring)
MPRegen 0.11/turn                (no ring)

@: no status effects
A: horns 2, retaliatory headbutt
a: Renounce Religion, Potion Petition, Call Merchant, Bribe Branch


You were on level 9 of the Dungeon.
You worshipped Gozag.
Gozag was pleased with you.
You visited 2 branches of the dungeon, and saw 10 of its levels.

You collected 803 gold pieces.
You paid 234 gold pieces to Gozag.


Innate Abilities, Weirdness & Mutations

You have a pair of horns on your head.
You reflexively headbutt those who attack you in melee.


   Skills:
 + Level 9.9 Fighting
 - Level 14.0 Long Blades
 + Level 9.9 Armour
 - Level 3.6 Shields


You had 9 spell levels left.
You didn't know any spells.
Your spell library contained the following spells:

 Spells                   Type           Power      Damage    Failure   Level
 Blink                    Tloc           0%         N/A       83%         2
 Cigotuvi's Dreadful Rot  Necr/Pois/Air  0%         N/A       83%         2
 Poisonous Vapours        Pois/Air       0%         N/A       83%         2
 Scorch                   Fire           0%         2d5       83%         2
 Kindle Blastsparks       Fire/Tloc/Air  0%         2d10      97%         3
 Mephitic Cloud           Conj/Pois/Air  0%         N/A       97%         3
 Flame Wave               Conj/Fire      0%         2d4       100%        4
 Fulminant Prism          Conj/Hex       0%         3d5       100%        4
 Iskenderun's Mystic Bla  Conj/Tloc      0%         2d3       100%        4
 Manifold Assault         Tloc           0%         N/A       100%        4
 Lee's Rapid Deconstruct  Erth           0%         3d4*      100%        5
 Summon Cactus Giant      Summ           0%         N/A       100%        6
 Storm Form               Tmut/Air       0%         N/A       100%        7

Inventory:

Hand Weapons
 a - the +0 demon blade "Xazeifab" (weapon) {vamp, rF+ Dex+2}
   (You acquired it on level 4 of the Dungeon)

   Dex:       It affects your dexterity (+2).
   rF:        It protects you from fire.
 n - a +1 long sword
Armour
 l - a +0 pair of boots (worn)
 t - the +1 scale mail of Ushroost (worn) {rElec}
   (You found it on level 5 of the Dungeon)

   rElec:     It insulates you from electricity.
 u - a +2 cloak of poison resistance (worn)
Jewellery
 g - an amulet of regeneration (around neck)
 B - the ring of the Four Continents {*Corrode Fly Int+5}
   (You found it on level 8 of the Dungeon)

   [ring of flight]

   Int:       It affects your intelligence (+5).
   Fly:       It grants you flight.
   *Corrode:  It may corrode you when you take damage.
 N - a ring of positive energy
Wands
 j - a wand of mindburst (12)
 r - a wand of flame (13)
 s - a wand of paralysis (4)
 x - a wand of digging (5)
 z - a wand of iceblast (4)
 C - a wand of acid (13)
Scrolls
 b - 2 scrolls of amnesia
 h - 2 scrolls of fog
 i - 4 scrolls of teleportation {@r2}
 m - a scroll of blinking
 o - 2 scrolls of enchant armour
 p - 6 scrolls of identify {@r1}
 w - a scroll of fear
 y - 3 scrolls of enchant weapon
 D - a scroll of poison
Potions
 c - 2 potions of heal wounds {@q2}
 d - 2 potions of might
 e - a potion of brilliance
 f - 4 potions of ambrosia
 k - 2 potions of curing {@q1}
 q - 2 potions of mutation
 v - a potion of invisibility
 A - a potion of lignification

Dungeon Overview and Level Annotations

Branches:
Dungeon (9/15)             Temple (1/1) D:5            Lair (0/5) D:8
    Orc (0/2) D:9

Altars:
Ashenzari
Cheibriados
Dithmenos
Elyvilon
Fedhas
Gozag
Kikubaaqudgha
Makhleb
Nemelex Xobeh
Okawaru
Qazlal
Sif Muna
Trog
Uskayaw
Vehumet
Wu Jian
Xom
Yredelemnul
Zin
The Shining One

Shops:
D:1 :   D:6 :   D:9 (

Annotations:
D:9 2 runed translucent doors

#..# ...▓....... ##.#
..##.▓.▓...▓. ░ #.## #.#
#.▓.▓.⚑.▓. .. #..#
##+###..▓.▓...▓. ..#
####'#### ........▓.......
..# #.......#
........▓.▓▓▓▓▓. ..#
#.......# ................
..#
#.......###J......######...
..#####.......#.@J......
#...
..##..'.......#.#.......
#...
..#..##.......'.#.......
#...
..'.###.......###.......
#... ..### ######'##
....... #... ..# #######.#
....... #... ### #.......#
##+#### #### ##.#.....## #.
# #.........## #. #


You could see a very large slime creature and a slime creature.


Message History

Two slime creatures merge to form a very large slime creature.
You slash the very large slime creature!
You feel better.
The very large slime creature is lightly wounded.
You hit the very large slime creature.
You feel better.
The very large slime creature is lightly wounded.
The slime creature barely misses you. You furiously retaliate!
You headbutt the slime creature! The very large slime creature hits you!
You slash the very large slime creature!
You feel better.
The very large slime creature is lightly wounded.
You slice the very large slime creature!!
You feel better.
You headbutt the very large slime creature!
The very large slime creature is moderately wounded.
The very large slime creature closely misses you.
The slime creature closely misses you. You furiously retaliate!
You headbutt the slime creature, but do no damage.
You hit the very large slime creature.
Your headbutt misses the very large slime creature.
The very large slime creature is moderately wounded.
The very large slime creature hits you!!!
Ouch! That really hurt!
* * * LOW HITPOINT WARNING * * *
The slime creature hits you!
* * * LOW HITPOINT WARNING * * *
The very large slime creature attacks as you move away!
The very large slime creature hits you!
You die...
Your body crumbles into a pile of gold.

Skill      XL: |  1  2  3  4  5  6  7  8  9 10 |
---------------+-------------------------------+-----
Long Blades    | 3 4 5 6 8 9 11 14 | 14.0
Fighting       | 8 9 |  9.9
Armour         | 8 9 |  9.9
Shields        | |  3.6

Action                     |  1- 3 |  4- 6 |  7- 9 | 10-12 || total
---------------------------+-------+-------+-------+-------++-------
  Melee: Long sword        |   124 |   107 |     3 |       ||   234
         Headbutt          |    25 |    13 |    66 |    31 ||   135
         Punch             |     3 |     1 |     7 |       ||    11
         Demon blade       |       |       |   379 |   142 ||   521
    Use: Scroll            |     9 |     3 |     8 |       ||    20
         Potion            |       |     5 |     2 |       ||     7
   Stab: Invisible         |       |     2 |       |       ||     2
 Armour: Scale mail        |    63 |    46 |   158 |    48 ||   315
  Dodge: Dodged            |    46 |    64 |   121 |    46 ||   277

Levels and vault maps discovered:
D:1:      amcnicky_arrival_gap_in_the_tavern_cellar, layout_loops_ring,
          shapermc_ecumenical_altar_flowoftime, serial_shops,
          nicolae_shop_hallway_stairs
D:2:      kennysheep_big_flooded_room, layout_basic, due_unseen_surprise
D:3:      layout_basic, nemelex_dance_club_becter, uniq_terence, uniq_natasha
D:4:      minmay_angry_zag, layout_rooms, mainiacjoe_overflow_six_doors_small,
          hangedman_abyss_or_decor_stabs, hangedman_minor_gate_pass, uniq_ijyb
D:5:      layout_cave_pools, minmay_temple_entry_arrows, uniq_crazy_yiuf_cottage
D:6:      layout_basic, serial_shops, shop, grunt_decor_arrowhead,
          nicolae_figureground_sparkle
D:7:      layout_basic, marbit_many_paths, mainiacjoe_overflow_surrounded_room,
          uniq_joseph
D:8:      layout_loops_ring, grunt_lair_entry_orc_guard_hut
D:9:      layout_roguey, mainiacjoe_overflow_cross_hatched,
          mainiacjoe_overflow_brackets, mainiacjoe_overflow_small_starburst,
          orc_david_3, minmay_guarded_unrand_staff_of_olgreb, uniq_maggie
Temple:   hellmonk_temple_divided_pantheon

Notes
Turn   | Place    | Note
-------+----------+-------------------------------------------
     0 | D:1      | demibob the Minotaur Fighter began the quest for the Orb.
     0 | D:1      | Reached XP level 1. HP: 19/19 MP: 0/0
   203 | D:1      | Reached skill level 3 in Long Blades
   257 | D:1      | Reached XP level 2. HP: 26/26 MP: 1/1
   264 | D:1      | Found Tuomih's Book Boutique.
   419 | D:1      | Found a faded altar of an unknown god.
   458 | D:1      | Reached skill level 4 in Long Blades
   856 | D:2      | Reached XP level 3. HP: 31/31 MP: 2/2
  1186 | D:2      | Reached skill level 5 in Long Blades
  1592 | D:3      | Reached XP level 4. HP: 39/39 MP: 3/3
  1602 | D:3      | Noticed Natasha
  1602 | D:3      | Noticed Terence
  1615 | D:3      | Killed Natasha
  1618 | D:3      | Killed Terence
  1619 | D:3      | Reached skill level 6 in Long Blades
  1714 | D:3      | Noticed Natasha
  1728 | D:3      | Killed Natasha
  1729 | D:3      | Reached XP level 5. HP: 40/45 MP: 4/4
  1746 | D:3      | Found a sparkling altar of Nemelex Xobeh.
  2056 | D:3      | Noticed Natasha
  2067 | D:3      | Killed Natasha
  2068 | D:3      | Reached skill level 7 in Long Blades
  2226 | D:4      | Noticed an ogre
  2227 | D:4      | Noticed a phantom
  2236 | D:4      | Killed an ogre
  2237 | D:4      | Reached skill level 8 in Long Blades
  2237 | D:4      | Reached XP level 6. HP: 49/51 MP: 5/5
  2299 | D:4      | Noticed Ijyb
  2311 | D:4      | Reached skill level 9 in Long Blades
  2315 | D:4      | Killed Ijyb
  2316 | D:4      | Reached XP level 7. HP: 31/57 MP: 6/6
  2403 | D:4      | Found an ornate altar of the Wu Jian Council.
  2555 | D:4      | Identified a scroll of acquirement
  2555 | D:4      | Acquired the +0 demon blade "Xazeifab" {vamp, rF+ Dex+2}
  2584 | D:5      | Entered Level 5 of the Dungeon
  2624 | D:5      | Reached skill level 10 in Long Blades
  2728 | D:5      | Identified the +1 scale mail of Ushroost {rElec}
  2754 | D:5      | Found a staircase to the Ecumenical Temple.
  2774 | D:5      | Reached skill level 11 in Long Blades
  2786 | D:5      | Reached XP level 8. HP: 59/64 MP: 7/7
  2821 | Temple   | Entered the Ecumenical Temple
  2821 | Temple   | Found a transporter.
  2821 | Temple   | Found a transporter.
  2824 | Temple   | Found a transporter.
  2824 | Temple   | Found a transporter.
  3010 | D:5      | Reached skill level 12 in Long Blades
  3111 | D:5      | Found a runed translucent door.
  3112 | D:5      | Noticed Crazy Yiuf
  3248 | D:5      | Killed Crazy Yiuf
  3301 | D:6      | Found Jeugg's Book Emporium.
  3444 | D:6      | Reached skill level 13 in Long Blades
  3587 | D:6      | Reached skill level 14 in Long Blades
  3587 | D:6      | Reached XP level 9. HP: 70/70 MP: 8/8
  3680 | D:6      | Reached skill level 4 in Fighting
  3771 | D:6      | Reached skill level 4 in Armour
  4106 | D:7      | Reached skill level 5 in Fighting
  4152 | D:7      | Reached skill level 5 in Armour
  4159 | D:7      | Found a shimmering altar of Xom.
  4180 | D:7      | Found a shimmering blue altar of Sif Muna.
  4211 | D:7      | Noticed Joseph
  4237 | D:7      | Killed Joseph
  4238 | D:7      | Reached skill level 6 in Fighting
  4238 | D:7      | Reached skill level 6 in Armour
  4791 | D:8      | Paralysed by an orc warrior for 2 turns
  4815 | D:8      | Reached skill level 7 in Fighting
  4815 | D:8      | Reached skill level 7 in Armour
  4934 | D:8      | Found a staircase to the Lair.
  5005 | D:8      | Identified the ring of the Four Continents {*Corrode Fly
                  | Int+5}
  5034 | D:8      | Reached skill level 8 in Fighting
  5041 | D:8      | Reached skill level 8 in Armour
  5041 | D:8      | Reached XP level 10. HP: 74/88 MP: 9/9
  5574 | D:9      | Found an opulent altar of Gozag.
  5590 | D:9      | Became a worshipper of Gozag Ym Sagoz the Greedy
  5660 | D:9      | Reached skill level 9 in Fighting
  5679 | D:9      | Found an ancient bone altar of Kikubaaqudgha.
  5769 | D:9      | Reached skill level 9 in Armour
  5835 | D:9      | Found the +9 staff of Olgreb {rPois∞}
  5839 | D:9      | Found a runed translucent gate.
  5839 | D:9      | Noticed a wolf spider
  5840 | D:9      | Found a runed translucent door.
  5879 | D:9      | Found a staircase to the Orcish Mines.
  5899 | D:9      | Found Qovet's Weapon Emporium.
  6069 | D:9      | Found a broken altar of Ashenzari.
  6143 | D:9      | Slain by a very large slime creature

Vanquished Creatures
  Joseph (D:7)
  A troll (D:9)
  A hornet (D:9)
  A shadow (D:9)
  A yak (D:8)
  A steam dragon (D:9)
  A water moccasin (D:6)
  3 acid dragons
  A sky beast (D:7)
  4 orc warriors
  3 black bears
  An ice beast (D:8)
  2 ogres
  2 centaurs
  2 phantoms
  2 kobold brigands
  3 necrophages
  8 bullfrogs
  2 scorpions (D:5)
  15 wights
  6 killer bees (D:8)
  2 howler monkeys
  2 hounds
  5 orc priests
  A gnoll bouda (D:4)
  Crazy Yiuf (D:5)
  Ijyb (D:4)
  Natasha (thrice) (D:3)
  3 iguanas
  8 orc wizards
  Terence (D:3)
  8 adders
  3 gnolls (D:4)
  A shadow imp (D:8)
  5 white imps
  2 ufetubi
  5 worms
  24 orcs
  9 bats
  4 endoplasms
  5 giant cockroaches
  2 goblins (D:1)
  8 hobgoblins
  14 kobolds
  3 quokkas
  10 ball pythons
  4 frilled lizards
  A rat (D:1)
196 creatures vanquished.

Vanquished Creatures (others)
  13 fungi (D:8)
  6 plants
  6 withered plants (D:1)
25 creatures vanquished.

Grand Total: 221 creatures vanquished

Table legend: (Time is in decaauts)
 A = Elapsed time spent in this place.
 B = Non-inter-level travel time spent in this place.
 C = Inter-level travel time spent in this place.
 D = Time resting spent in this place.
 E = Time spent auto-exploring this place.
 F = Levels seen in this place.
 G = Mean time per level.
                   A        B        C        D        E       F      G
               +--------+--------+--------+--------+--------+-----+--------+
         Total |   5985 |   5769 |    216 |    191 |   4253 |  10 |  598.5 |
       Dungeon |   5949 |   5743 |    206 |    191 |   4246 |   9 |  661.0 |
        Temple |     35 |     26 |      9 |      0 |      7 |   1 |   35.0 |
               +--------+--------+--------+--------+--------+-----+--------+

Top non-repeatable levels by time:
     D:1: 841 daAuts
     D:2: 761 daAuts
     D:8: 730 daAuts
     D:7: 715 daAuts
     D:6: 660 daAuts
     D:5: 657 daAuts
     D:9: 572 daAuts
     D:3: 517 daAuts
     D:4: 492 daAuts
  Temple: 35 daAuts

Table legend:
 A = Non-vault XP
 B = Vault XP
 C = Vault XP percentage of total XP
 D = Non-vault monster count
 E = Vault monster count
 F = Vault count percentage of total count
                 A         B        C        D         E       F
            +---------+---------+-------+---------+---------+-------
      Total |    6715 |    1686 |  20.1 |     166 |      30 |  15.3
            +---------+---------+-------+---------+---------+-------
        D:1 |      34 |       0 |   0.0 |      19 |       0 |   0.0
        D:2 |      54 |       4 |   6.9 |      12 |       2 |  14.3
        D:3 |     123 |      73 |  37.2 |      15 |       4 |  21.1
        D:4 |     158 |     301 |  65.6 |      13 |      12 |  48.0
        D:5 |    1015 |      40 |   3.8 |      25 |       1 |   3.8
        D:6 |    1184 |       0 |   0.0 |      24 |       0 |   0.0
        D:7 |     856 |     559 |  39.5 |      17 |       2 |  10.5
        D:8 |    1402 |     560 |  28.5 |      25 |       4 |  13.8
        D:9 |    1889 |     149 |   7.3 |      16 |       5 |  23.8
            +---------+---------+-------+---------+---------+-------
